 Dungeon Crawl Stone Soup version 0.31.0-1-g2c135a008e (webtiles) character file.

Game seed: 12659814617578526884

54 qw the Shooter (level 4, -2/35 HPs)
             Began as a Djinni Hunter on Jan 23, 2024.
             Slain by a gnoll
             ... wielding a +0 halberd of protection
              (5 damage)
             ... on level 2 of the Dungeon.
             The game lasted 00:00:04 (1191 turns).

qw the Shooter (Djinni Hunter)                      Turns: 1191, Time: 00:00:05

Health: -2/35      AC:  3    Str: 10    XL:     4   Next: 12%
Gold:   64         EV: 12    Int: 11    God:
                   SH:  0    Dex: 18

rFire   + + .        a - +0 shortbow
rCold   x . .        (shield currently unavailable)
rNeg    . . .        c - +0 leather armour
rPois   inf          (no helmet)
rElec   .            (no cloak)
rCorr   .            (no gloves)
SInv    .            (boots unavailable)
Will    .....        (no amulet)
Stlth   ++           (no ring)
HPRegen 0.25/turn    (no ring)
MPRegen 0.00/turn

%: infuse magic (-3 HP)
@: flying
A: sickness immunity, fire resistance 2, cold vulnerability 1, float, innate
caster, HP casting, extra vitality 1
a: no special abilities


You were on level 2 of the Dungeon.
You visited 1 branch of the dungeon, and saw 2 of its levels.

You collected 64 gold pieces.


Innate Abilities, Weirdness & Mutations

You are immune to sickness and miasma.
You are immune to poison.
Your flesh is very heat resistant. (rF++)
You are vulnerable to cold. (rC-)
You float through the air rather than walking.
You learn spells naturally, not from books.
Your magical power is your life essence.
You have superior vitality. (+4 MHP)


   Skills:
 - Level 3.0 Fighting
 - Level 4.0 Ranged Weapons
 + Level 2.1 Dodging
 - Level 0.7 Stealth


You knew the following spells:

 Your Spells              Type           Power      Damage    Failure   Level
a - Kiss of Death         Conj/Necr      0%         2d5       43%         1
Your spell library was empty.

Inventory:

Hand Weapons
 a - a +0 shortbow (weapon)
Armour
 b - a +0 helmet
 c - a +0 leather armour (worn)
 d - a +0 cloak
Scrolls
 f - a scroll of teleportation {unknown}
Potions
 e - a potion of curing

Dungeon Overview and Level Annotations

Branches:
Dungeon (2/15)

Altars:


Message History

You shoot an arrow.
The arrow hits the gnoll but does no damage.
The gnoll is almost dead.
The gnoll misses you. The gnoll hits you with a +0 flail.
You shoot an arrow. The arrow hits the gnoll!
You kill the gnoll!
Your Fighting skill increases to level 3!
You have reached level 4!
You feel clever.
You start resting.
HP restored.
You see here a +0 flail. 3 gnolls come into view.
A gnoll is wielding a +0 halberd of protection.
The gnoll shouts! x2
Enter note:
Enter note:
1185 ||| RETREEEEATING.
You shoot an arrow. The arrow closely misses the gnoll.
The gnoll hits you with a +0 whip.
You shoot an arrow. The arrow closely misses the gnoll.
The arrow hits the gnoll.
The gnoll is moderately wounded.
The gnoll hits you with a +0 whip.
You shoot an arrow. The arrow hits the gnoll.
The gnoll is lightly wounded.
The gnoll hits you from afar with a +0 halberd of protection!
The gnoll misses you.
The gnoll hits you from afar with a +0 halberd of protection.
The gnoll closely misses you.
You shoot an arrow. The arrow hits the gnoll.
The gnoll is moderately wounded.
The gnoll closely misses you. x2
You shoot an arrow. The arrow barely misses the gnoll.
The arrow hits the gnoll.
The gnoll is heavily wounded.
The gnoll hits you from afar with a +0 halberd of protection!
The gnoll hits you with a +0 whip.
You shoot an arrow. The arrow hits the gnoll!
You kill the gnoll!
The gnoll hits you from afar with a +0 halberd of protection.
You die...

###.############.#
...............[.#
.........#######.#
..####...#######.#
###
..........)######.#
.................#
########.########
#.# #@# #)#
...g..gg# #########


You could see 2 gnolls.

Vanquished Creatures
  2 gnolls (D:2)
  An adder (D:2)
  7 endoplasms
  4 hobgoblins
  2 quokkas (D:1)
  8 ball pythons
  A bat (D:1)
  4 frilled lizards
  2 goblins (D:2)
  3 kobolds
  2 rats (D:1)
36 creatures vanquished.

Notes
Turn   | Place    | Note
-------+----------+-------------------------------------------
     0 | D:1      | qw the Djinni Hunter began the quest for the Orb.
     0 | D:1      | Reached XP level 1. HP: 18/18 MP: 0/0
     0 | D:1      | 0 ||| qw: Version: 0.3-a-136-gdd3b4e8
     0 | D:1      | 0 ||| qw: Game counter: 1154
     0 | D:1      | 0 ||| qw: Melee chars always use a shield: true
     0 | D:1      | 0 ||| qw: God list: Okawaru
     0 | D:1      | 0 ||| qw: Allow faded altars: false
     0 | D:1      | 0 ||| qw: Do Orc after clearing Dungeon:15 true
     0 | D:1      | 0 ||| qw: Do second Lair branch before Depths: true
     0 | D:1      | 0 ||| qw: Lair rune preference: random
     0 | D:1      | 0 ||| qw: Goals: Normal
     0 | D:1      | 0 ||| PLANNING D:1-11
   153 | D:1      | Reached XP level 2. HP: 23/23 MP: 0/0
   469 | D:1      | Reached XP level 3. HP: 28/28 MP: 0/0
   469 | D:1      | Learned a level 1 spell: Kiss of Death
   582 | D:1      | Reached skill level 4 in Ranged Weapons
   901 | D:1      | 901 ||| READING scroll labelled NURHOU KEROYZ.
   902 | D:1      | 902 ||| READING scroll labelled PAFUCY PAUTAJY.
   903 | D:1      | 903 ||| READING scroll labelled GOSAT DYNUO.
   903 | D:1      | 903 ||| IDENTIFYING bubbling emerald potion
   904 | D:1      | 904 ||| DRINKING 2 glowing orange potions.
   905 | D:1      | 905 ||| DRINKING 2 golden potions.
   906 | D:1      | 906 ||| DROPPING scroll of butterflies.
   907 | D:1      | 907 ||| DROPPING potion of ambrosia.
   908 | D:1      | 908 ||| DROPPING potion of brilliance.
  1059 | D:2      | Found the +18 Lear's hauberk
  1076 | D:2      | HP: 7/29 [gnoll/+0 flail (4)]
  1078 | D:2      | Reached skill level 3 in Fighting
  1078 | D:2      | Reached XP level 4. HP: 10/35 MP: 0/0
  1185 | D:2      | 1185 ||| RETREEEEATING.
  1190 | D:2      | HP: 3/35 [gnoll/+0 whip (6)]
  1191 | D:2      | Slain by a gnoll

Levels and vault maps discovered:
D:1:      dpeg_arrival_tiny_i, layout_loops_corners,
          amcnicky_mini_rare_corridor_liquid, hex_large, minmay_quantized
D:2:      layout_loops_ring

Skill      XL: |  1  2  3 |
---------------+----------+-----
Ranged Weapons | 4 |  4.0
Fighting       | 3 |  3.0
Dodging        | |  2.1
Stealth        | |  0.7

Action                     |  1- 3 |  4- 6 || total
---------------------------+-------+-------++-------
   Fire: Shortbow          |   104 |     6 ||   110
    Use: Scroll            |     3 |       ||     3
         Potion            |     2 |       ||     2
 Armour: Leather armour    |    11 |     7 ||    18
  Dodge: Dodged            |    15 |     4 ||    19

Table legend:
 A = Non-vault XP
 B = Vault XP
 C = Vault XP percentage of total XP
 D = Non-vault monster count
 E = Vault monster count
 F = Vault count percentage of total count
                 A         B        C        D         E       F
            +---------+---------+-------+---------+---------+-------
      Total |      87 |       5 |   5.4 |      31 |       5 |  13.9
            +---------+---------+-------+---------+---------+-------
        D:1 |      30 |       5 |  14.3 |      18 |       5 |  21.7
        D:2 |      57 |       0 |   0.0 |      13 |       0 |   0.0
            +---------+---------+-------+---------+---------+-------
